 Dungeon Crawl Stone Soup version 0.30.1 (webtiles) character file.

Game seed: 2928669297923429644

11 MikeMinsk the Magician (level 2, 0/21 HPs)
             Began as a Djinni Fire Elementalist on July 6, 2023.
             Slain by a quokka (2 damage)
             ... on level 1 of the Dungeon.
             The game lasted 00:01:41 (359 turns).

MikeMinsk the Magician (Djinni Fire Elementalist)    Turns: 359, Time: 00:01:42

Health: 0/21       AC:  2    Str:  7    XL:     2   Next: 35%
Gold:   18         EV: 12    Int: 16    God:
                   SH:  0    Dex: 13

rFire   + + .        (no weapon)
rCold   x . .        (no shield)
rNeg    . . .        a - +0 robe
rPois   ∞            (no helmet)
rElec   .            (no cloak)
rCorr   .            (no gloves)
SInv    .            (boots unavailable)
Will    .....        (no amulet)
Stlth   ++           (no ring)
HPRegen 0.23/turn    (no ring)
MPRegen 0.00/turn

%: infuse magic (-1 HP)
@: flying
A: sickness immunity, fire resistance 2, cold vulnerability 1, float, innate
caster, HP casting, extra vitality 1
a: no special abilities


You were on level 1 of the Dungeon.
You visited 1 branch of the dungeon, and saw 1 of its levels.

You collected 18 gold pieces.

Inventory:

Armour
 a - a +0 robe (worn)
Scrolls
 b - a scroll of brand weapon {unknown}
 c - a scroll of enchant armour {unknown}
 d - a scroll of poison {unknown}


   Skills:
 + Level 0.2 Fighting
 + Level 2.5 Dodging
 - Level 1.8 Stealth
 * Level 2.6 Spellcasting


You knew the following spells:

 Your Spells              Type           Power      Damage    Failure   Level
a - Foxfire               Conj/Fire      40%        2x1d6     7%          1
b - Scorch                Fire           20%        2d5       10%         2
c - Volatile Blastmotes   Fire/Tloc      20%        2d11      21%         3
d - Inner Flame           Hex/Fire       10%        N/A       21%         3
e - Flame Wave            Conj/Fire      10%        2d6       54%         4
Your spell library was empty.

Dungeon Overview and Level Annotations

Branches:
Dungeon (1/15)

Altars:


Innate Abilities, Weirdness & Mutations

You are immune to sickness and miasma.
You are immune to poison.
Your flesh is very heat resistant. (rF++)
You are vulnerable to cold. (rC-)
You float through the air rather than walking.
You learn spells naturally, not from books.
Your magical power is your life essence.
You have superior vitality. (+4 MHP)


Message History

Casting: Foxfire (safe; 7% risk of failure)
Press: ? - help, Q - select action, (/) - cycle Dir - look around, f - activate Look: a quokka You conjure some foxfire!
The quokka bites you.
Your foxfire dissipates!
The quokka attacks as you move away!
The quokka bites you but does no damage.
The quokka attacks as you move away! The quokka barely misses you.
The quokka misses you. The quokka attacks as you move away!
The quokka bites you but does no damage.
The quokka bites you.
You see here a +0 robe.
Casting: Foxfire (safe; 7% risk of failure)
Press: ? - help, Q - select action, (/) - cycle Dir - look around, f - activate You conjure some foxfire!
The quokka closely misses you.
Your foxfire dissipates!
The foxfire hits the quokka.
The quokka is moderately wounded.
Casting: Foxfire (safe; 7% risk of failure)
Press: ? - help, Q - select action, (/) - cycle Dir - look around, f - activate You conjure some foxfire!
The quokka bites you. The quokka misses you.
Your foxfire dissipates!
The quokka attacks as you move away! The quokka barely misses you.
Casting: Foxfire (safe; 7% risk of failure)
Press: ? - help, Q - select action, (/) - cycle Dir - look around, f - activate You conjure some foxfire!
The quokka bites you.
* * * LOW HITPOINT WARNING * * *
Your foxfire dissipates!
The quokka attacks as you move away! The quokka bites you.
* * * LOW HITPOINT WARNING * * *
The quokka bites you.
* * * LOW HITPOINT WARNING * * *
The quokka attacks as you move away! The quokka completely misses you.
The quokka attacks as you move away! The quokka bites you.
You die...

#################.########
#........# #.# #.######[#
#.# # #.# #.# #.# #.# #.#
#.###### #.# #......#
#.########.###.##
#..r@..........#
##########.###.# ### ###


You could see a quokka.

Vanquished Creatures
  A dart slug (D:1)
  A ball python (D:1)
  A giant cockroach (D:1)
  A goblin (D:1)
  A quokka (D:1)
  A kobold (D:1)
  3 rats (D:1)
9 creatures vanquished.

Vanquished Creatures (others)
  25 foxfires (D:1)
25 creatures vanquished.

Grand Total: 34 creatures vanquished

Notes
Turn   | Place    | Note
-------+----------+-------------------------------------------
     0 | D:1      | MikeMinsk the Djinni Fire Elementalist began the quest for
                  | the Orb.
     0 | D:1      | MikeMinsk set off with the following spells memorised:
                  | Foxfire, Scorch, Volatile Blastmotes, Inner Flame, Flame
                  | Wave.
     0 | D:1      | Reached XP level 1. HP: 15/15 MP: 0/0
   189 | D:1      | Reached XP level 2. HP: 21/21 MP: 0/0
   359 | D:1      | Slain by a quokka

Illustrated notes

Levels and vault maps discovered:
D:1:      wander_arrival_lonely_grave, layout_basic,
          hellmonk_ecumenical_altar_blasted, hangedman_decor_riveting

Action                     || total
---------------------------++-------
   Cast: Foxfire           ||    21
 Armour: Robe              ||     3
  Dodge: Dodged            ||     8
